 Dungeon Crawl Stone Soup version 0.30-a0-949-g53dc5368d7 (webtiles) character file.

Game seed: 917766547073194861

51 cheesebisquit the Firebug (level 3, 0/26 HPs)
             Began as a Draconian Fire Elementalist on Mar 27, 2023.
             Slain by a white imp (4 damage)
             ... summoned by Natasha
             ... on level 2 of the Dungeon.
             The game lasted 00:04:26 (1530 turns).

cheesebisquit the Firebug (DrFE)                    Turns: 1530, Time: 00:04:27

Health: 0/26       AC:  5    Str: 10    XL:     3   Next: 57%
Magic:  3/6        EV: 12    Int: 17    God:
Gold:   6          SH:  0    Dex: 11    Spells: 6/7 levels left

rFire   . . .      SeeInvis .    d - +0 dagger
rCold   . . .      Faith    .    (no shield)
rNeg    . . .      Spirit   .    (body armour unavailable)
rPois   .          Reflect  .    (helmet restricted)
rElec   .          Rampage  .    (no cloak)
rCorr   .                        (no gloves)
Will    .....                    (no boots)
Stlth   ++                       (no amulet)
HPRegen 0.24/turn                (no ring)
MPRegen 0.10/turn                (no ring)

@: slowed, very slow
A: AC +5, unfitting armour, cold-blooded
a: no special abilities


You were on level 2 of the Dungeon.
You visited 1 branch of the dungeon, and saw 2 of its levels.

You collected 46 gold pieces.
You spent 40 gold pieces at shops.

Inventory:

Hand Weapons
 d - a +0 dagger (weapon)
Scrolls
 e - a scroll of immolation {unknown}
 f - a scroll of noise {unknown}
 h - a scroll of fear {unknown}
Potions
 a - a potion of berserk rage
 b - a potion of curing
 c - a potion of heal wounds {unknown}
 g - a potion of might
 i - a potion of mutation {unknown}


   Skills:
 - Level 1.7 Dodging
 - Level 1.7 Stealth
 + Level 2.6 Spellcasting
 - Level 1.0 Conjurations
 * Level 4.2 Fire Magic


You had 6 spell levels left.
You knew the following spells:

 Your Spells              Type           Power      Damage    Failure   Level
a - Foxfire               Conj/Fire      44%        2x1d6     6%          1

Your spell library contained the following spells:

 Spells                   Type           Power      Damage    Failure   Level
 Scorch                   Fire           32%        2d7       4%          2
 Inner Flame              Hex/Fire       9%         N/A       22%         3
 Blink                    Tloc           4%         N/A       28%         2
 Kindle Blastsparks       Fire/Tloc/Air  14%        2d11      30%         3
 Flame Wave               Conj/Fire      11%        2d6       52%         4
 Manifold Assault         Tloc           2%         N/A       88%         4
 Storm Form               Tmut/Air       1%         N/A       100%        7


Dungeon Overview and Level Annotations

Branches:
Dungeon (2/15)

Altars:

Shops:
D:1 [?

Annotations:
D:2 Natasha


Innate Abilities, Weirdness & Mutations

Your plain brown scales are hard. (AC +5)
You cannot fit into any form of body armour.
You are cold-blooded and may be slowed by cold attacks.


Message History

Natasha is moderately wounded.
Natasha stares at you and mumbles some strange words.
You feel yourself slow down.
You conjure some foxfire!
Natasha casts a spell.
The foxfire hits Natasha.
Natasha is heavily wounded.
The foxfire hits Natasha.
Natasha is severely wounded.
Natasha mumbles some strange words.
You conjure some foxfire!
The foxfire hits the white imp.
The white imp is burned terribly!
The white imp is heavily wounded.
The foxfire hits the white imp.
The white imp is burned terribly!
The white imp is almost dead.
The white imp gestures at you. The puff of frost hits you.
You conjure some foxfire!
Natasha growls.
The iron imp shouts, "Return whence thou came, thou dissembling fat-kidneyed deadneck!"
The white imp barely misses you.
The foxfire hits the white imp.
The white imp is almost dead.
The white imp gestures at you. The puff of frost hits you!
The white imp hits you. The white imp freezes you.
You feel as though you will be slow longer.
* * * LOW HITPOINT WARNING * * *
The white imp gestures at you. The puff of frost hits you.
* * * LOW HITPOINT WARNING * * *
You feel better. The white imp hits you. The white imp freezes you.
You feel as though you will be slow longer.
* * * LOW HITPOINT WARNING * * *
Natasha wildly gestures.
You feel troubled. The white imp hits you.
* * * LOW HITPOINT WARNING * * *
The white imp freezes you.
You feel as though you will be slow longer.
You die...

#.(.......#.#
#.........#.#
#.........#.#
#.........#.#
##..###.....#######
#..# #...........#
#.###..#
#...#.#####.#
#.#....# #...#.###
#.....####.....@.#
+..>...........#5#
#.#.#.##########h#
#.#.#....# #5#
#.#.####.#+### #5#
##.#'###.....<#.#.#
.†.....#........#.#
###....#.....####.#
<......'.....+


You could see an iron imp (summoned), Natasha and 2 white imps.

Vanquished Creatures
  2 adders (D:2)
  2 ball pythons
  4 endoplasms (D:1)
  2 giant cockroaches (D:1)
  3 goblins (D:1)
  3 hobgoblins (D:1)
  4 jackals (D:1)
  4 bats (D:1)
  3 frilled lizards (D:1)
  A kobold (D:1)
  2 rats
30 creatures vanquished.

Vanquished Creatures (others)
  78 foxfires
78 creatures vanquished.

Grand Total: 108 creatures vanquished

Notes
Turn   | Place    | Note
-------+----------+-------------------------------------------
     0 | D:1      | cheesebisquit the Draconian Fire Elementalist began the
                  | quest for the Orb.
     0 | D:1      | Reached XP level 1. HP: 14/14 MP: 3/3
   258 | D:1      | Reached XP level 2. HP: 20/20 MP: 1/5
   342 | D:1      | Found Ulekat's Antique Armour Emporium.
   812 | D:1      | Found Barrink's Magic Scroll Shoppe.
   815 | D:1      | Bought a scroll of identify for 20 gold pieces
   815 | D:1      | Bought a scroll of identify for 20 gold pieces
   968 | D:1      | Reached XP level 3. HP: 26/26 MP: 4/6
  1413 | D:2      | Reached skill level 4 in Fire Magic
  1518 | D:2      | Noticed Natasha
  1530 | D:2      | Slain by a white imp

Illustrated notes

Levels and vault maps discovered:
D:1:      psy_arrival_radial02, layout_loops_corners, serial_shops,
          nicolae_shop_crystal, nicolae_shop_window_shopping, fountainhead,
          minmay_ruptured
D:2:      layout_basic, hellmonk_ecumenical_altar_lost_god, serial_shops,
          nicolae_shop_competitors_out_of_business, uniq_natasha

Skill      XL: |  1  2  3 |
---------------+----------+-----
Fire Magic     | 4 |  4.2
Dodging        | |  1.7
Stealth        | |  1.7
Spellcasting   | |  2.6
Conjurations   | |  1.0

Action                     || total
---------------------------++-------
  Melee: Dagger            ||    18
         Unarmed           ||     1
         Tailslap          ||     1
   Cast: Foxfire           ||    45
    Use: Potion            ||     2
         Scroll            ||     3
 Armour: Skin              ||     9
  Dodge: Dodged            ||    17

Table legend: (Time is in decaauts)
 A = Elapsed time spent in this place.
 B = Non-inter-level travel time spent in this place.
 C = Inter-level travel time spent in this place.
 D = Time resting spent in this place.
 E = Time spent auto-exploring this place.
 F = Levels seen in this place.
 G = Mean time per level.
                   A        B        C        D        E       F      G
               +--------+--------+--------+--------+--------+-----+--------+
         Total |   1543 |   1500 |     43 |      0 |   1283 |   2 |  771.5 |
       Dungeon |   1543 |   1500 |     43 |      0 |   1283 |   2 |  771.5 |
               +--------+--------+--------+--------+--------+-----+--------+

Top non-repeatable levels by time:
     D:1: 1411 daAuts
     D:2: 132 daAuts
